 Dungeon Crawl Stone Soup version 0.20-a0-984-ge8aa303 (webtiles) character file.

46 Lochraine the Skirmisher (level 3, 0/34 HPs)
             Began as a Bultungin Wanderer on Apr 10, 2017.
             Was an Initiate of Ashenzari.
             Slain by an iguana (12 damage)
             ... on level 4 of the Dungeon.
             The game lasted 00:06:50 (2239 turns).

Lochraine the Skirmisher (Bultungin Wanderer)       Turns: 2239, Time: 00:06:51

Health: 0/34       AC: 12    Str: 11    XL:     3   Next: 66%
Magic:  4/4        EV: 10    Int: 10    God:    Ashenzari [......]
Gold:   84         SH:  8    Dex: 16    Spells: 2/2 levels left

rFire    . . .     SeeInvis +   w - +1 falchion of Pipatupo {protect, MR+} (curse)
rCold    . . .     Gourm    .   m - +0 shield
rNeg     . . .     Faith    .   b - +2 robe {Archmagi} (curse)
rPois    .         Spirit   .   t - +0 helmet
rElec    .         Reflect  .   (no cloak)
rCorr    .         Harm     .   (no gloves)
MR       +....                  (no boots)
Stlth    ++........             (no amulet)
Regen    0.2/turn               (no ring)
MPRegen  0.1/turn               (no ring)

@: protection aura
A: short attention span, fangs 1, see invisible, strong nose
a: Curse Item, Renounce Religion


You were on level 4 of the Dungeon.
You worshipped Ashenzari.
Ashenzari was noncommittal.
You were not hungry.

You visited 1 branch of the dungeon, and saw 3 of its levels.

You collected 84 gold pieces.

Inventory:

Hand Weapons
 a - a +2 mace
 c - a +0 quarterstaff
 w - the cursed +1 falchion of Pipatupo (weapon) {protect, MR+}
   (You found it on level 4 of the Dungeon)

   It protects the one who uses it against injury (+AC on strike).
   It affects your resistance to hostile enchantments.
   It has a curse placed upon it.
Missiles
 o - 2 tomahawks (quivered)
Armour
 b - a cursed +2 robe of the Archmagi (worn)
 d - a +0 robe
 m - a +0 shield (worn)
 n - a +0 chain mail
 t - a +0 helmet (worn)
Jewellery
 x - a +3 ring of intelligence
Scrolls
 e - 2 scrolls of teleportation {unknown}
 g - 2 scrolls of identify {unknown}
 j - a scroll of random uselessness {unknown}
 k - 3 scrolls of blinking {unknown}
 p - a scroll of magic mapping {unknown}
 u - 2 scrolls of amnesia {unknown}
 v - a scroll of remove curse
 y - a scroll of recharging {unknown}
Potions
 l - a potion of magic
 q - a potion of heal wounds {unknown}
 s - 2 potions of flight {unknown}
Comestibles
 f - 2 bread rations
 h - 2 meat rations
 i - 3 fruits
 r - a chunk of flesh


   Skills:
 - Level 6.2 Fighting
 + Level 0.0 Long Blades
 - Level 3.6(3.8) Maces & Flails
 - Level 1.5(2.8) Staves
 - Level 1.1 Armour
 + Level 2.3 Dodging
 - Level 2.5 Stealth
 + Level 1.7 Shields
   Level 1.5 Evocations


You had 2 spell levels left.
You didn't know any spells.

Dungeon Overview and Level Annotations

Branches:
Dungeon (2/15)

Altars:
Ashenzari
Gozag
Hepliaklqana
Zin


Innate Abilities, Weirdness & Mutations

You have a short attention span.
You have very sharp teeth.
You have supernaturally acute eyesight. (SInv)
Your uncanny sense of smell can sniff out nearby items.


Message History

The iguana hisses menacingly.
You hit the iguana.
Your weapon exudes an aura of protection.
The iguana is lightly wounded.
The iguana bites you!
You hit the iguana but do no damage.
The iguana is lightly wounded.
The iguana bites you.
The iguana bites you but does no damage.
You hit the iguana but do no damage.
The iguana is lightly wounded.
The iguana bites you!
Press: ? - help, v - describe, . - travel
Here: an iguana (lightly wounded)
The floor, spattered with blood.
You aren't carrying any items that you can evoke.
Unknown command.
It was a potion of magic.
Magic courses through your body. The iguana bites you!
You die...

#.# ###########.#
#...........#
#.###########
#######.########
................
#.######.########
# #. #####.#
#.#.##.@...#
.##....#l#####
......[..#
.##>...### #.#.#
.. #. # #


You could see an iguana.

Vanquished Creatures
  2 worms (D:2)
  A dart slug (D:1)
  2 leopard geckos (D:2)
  6 bats
  A giant cockroach (D:1)
  A goblin (D:1)
  5 hobgoblins
  3 jackals (D:1)
  5 frilled lizards (D:1)
  4 kobolds
  8 rats
38 creatures vanquished.

Notes
Turn   | Place    | Note
-------+----------+-------------------------------------------
     0 | D:1      | Lochraine the Bultungin Wanderer began the quest for the Orb.
     0 | D:1      | Lochraine set off with: a +2 mace, a potion of lignification, a +0 quarterstaff, a +0 robe, a bread ration
     0 | D:1      | Reached XP level 1. HP: 22/22 MP: 2/2
   180 | D:1      | Reached XP level 2. HP: 13/28 MP: 3/3
   390 | D:1      | Reached skill level 6 in Fighting
   590 | D:1      | Reached skill level 1 in Dodging
   870 | D:1      | Reached XP level 3. HP: 28/34 MP: 4/4
  1346 | D:2      | Reached skill level 1 in Armour
  1560 | D:2      | Found a shattered altar of Ashenzari.
  1578 | D:2      | Became a worshipper of Ashenzari the Shackled
  1753 | D:2      | Found an opulent altar of Gozag.
  1896 | D:2      | Found a glowing silver altar of Zin.
  1896 | D:2      | Noticed an angel
  2169 | D:2      | You fall through a shaft for 2 floors!
  2169 | D:4      | Found a hazy altar of Hepliaklqana.
  2179 | D:4      | Got the cursed falchion of Pipatupo {protect, MR+}
  2180 | D:4      | Identified the cursed +1 falchion of Pipatupo {protect, MR+} (You found it on level 4 of the Dungeon)
  2239 | D:4      | Slain by an iguana

Vault maps used:
D:1:      sevenhm_arrival_forest_fort_small_3, minmay_pentomino_q4
D:2:      nicolae_overflow_crystal_walls, zin_angel, first_bread,
          minmay_misc_feat_more_columns, nicolae_ashenzari_panopticon
D:4:      lemuel_coloured_pillars_altar

Skill      XL: |  1  2  3 |
---------------+----------+-----
Stealth        | 2 |  2.5
Fighting       | 6 |  6.2
Dodging        | 1 2 |  2.3
Armour         | 1 |  1.1
Maces & Flails | |  3.6
Staves         | |  1.5
Shields        | |  1.7
Evocations     | |  1.5

Action                   || total
-------------------------++-------
Melee: Mace              ||   130
       Bite              ||     9
       Falchion          ||     3
Invok: Curse Item        ||     1
  Use: Potion            ||     2
 Stab: Sleeping          ||     5
  Eat: Chunk             ||     4
Armor: Skin              ||    10
       Robe              ||    25
       Chain mail        ||     2
Dodge: Dodged            ||    79
Block: Shield            ||    23
